 Dungeon Crawl Stone Soup version 0.27.1-37-g7b29ead8ac (console) character file.

Game seed: 6524034880990305596

175185 grimtooth the Bewitcher (level 17, 0/100 HPs)
             Began as a Vampire Enchanter on Nov 26, 2023.
             Was the Champion of Kikubaaqudgha.
             Killed from afar by a merfolk aquamancer (12 damage)
             ... with a torrent of water
             ... on level 4 of the Shoals on Nov 27, 2023.
             The game lasted 04:10:27 (43921 turns).

grimtooth the Bewitcher (Vampire Enchanter)        Turns: 43921, Time: 04:10:30

Health: 0/100      AC: 18    Str: 18    XL:     17   Next: 46%
Magic:  4/30       EV: 20    Int: 28    God:    Kikubaaqudgha [******]
Gold:   2768       SH: 12    Dex: 25    Spells: 10/34 levels left

rFire    . . .     SeeInvis +   b - +2 dagger (speed)
rCold    + + .     Faith    .   N - +0 buckler
rNeg     + + +     Spirit   .   G - +1 robe {Will+}
rPois    ∞         Reflect  +   q - +2 helmet {Int+3}
rElec    .         Harm     .   e - +2 cloak
rCorr    .         Rampage  .   k - +2 pair of gloves {Dex+3}
Will     ++...                  O - +1 pair of boots
Stlth    +++++++++.             n - amulet "Quiman" {Reflect Str+7 Int+3 SH+5}
HPRegen  0.00/turn              m - ring of the Invisible Knives {AC+4 Str+2 Dex+7 SInv}
MPRegen  0.22/turn              l - +4 ring of slaying

@: slightly contaminated, bloodless, inhibited regen, studying Ice Magic,
invisible
A: bloodless, fangs 3, see invisible, vampiric 2
a: Bat Form, Revivify, Renounce Religion, Receive Corpses, Torment, Brand Weapon
With Pain, Receive Forbidden Knowledge


You were on level 4 of the Shoals.
You worshipped Kikubaaqudgha.
Kikubaaqudgha was exalted by your worship.
You visited 6 branches of the dungeon, and saw 31 of its levels.
You also visited: Sewer, Ossuary, Bailey, Gauntlet and Ice Cave.

You collected 4900 gold pieces.
You spent 2132 gold pieces at shops.

Inventory:

Hand Weapons
 a - a +1 short sword of speed
 b - a +2 dagger of speed (weapon)
 w - a +2 dagger of draining
Missiles
 f - 45 poisoned darts (quivered)
 o - 17 boomerangs
 I - 2 silver boomerangs
 P - 3 curare-tipped darts
 S - 5 silver javelins
 T - 4 throwing nets {=f}
Armour
 e - a +2 cloak (worn)
 k - a +2 pair of gloves of dexterity (worn)
 q - a +2 helmet of intelligence (worn)
 G - a +1 robe of willpower (worn)
 N - a +0 buckler (worn)
 O - a +1 pair of boots (worn)
 V - a scarf of resistance
Jewellery
 c - a +6 ring of strength
 l - a +4 ring of slaying (right hand)
 m - the ring of the Invisible Knives (left hand) {AC+4 Str+2 Dex+7 SInv}
   (You acquired it on level 9 of the Dungeon)

   [ring of protection]

   AC:        It affects your AC (+4).
   Str:       It affects your strength (+2).
   Dex:       It affects your dexterity (+7).
   SInv:      It lets you see invisible.
 n - the amulet "Quiman" (around neck) {Reflect Str+7 Int+3 SH+5}
   (You found it in a bailey)

   [amulet of reflection]

   It reflects blocked missile attacks.
   Str:       It affects your strength (+7).
   Int:       It affects your intelligence (+3).
   SH:        It affects your SH (+5).
 x - a ring of resist corrosion
 H - a ring of protection from fire
 J - a +6 ring of intelligence
Wands
 h - a wand of flame (42)
 j - a wand of iceblast (10)
 y - a wand of mindburst (18)
 F - a wand of digging (6)
 K - a wand of paralysis (39)
 Q - a wand of charming (20)
 R - a wand of polymorph (18)
 X - a wand of acid (22)
Scrolls
 d - 3 scrolls of fear
 g - a scroll of torment
 r - a scroll of immolation
 s - 4 scrolls of magic mapping
 t - a scroll of teleportation
 u - 2 scrolls of amnesia
 C - a scroll of fog
 D - a scroll of blinking
 M - a scroll of enchant armour
 U - a scroll of vulnerability
 Y - a scroll of acquirement
Potions
 i - 16 potions of curing
 p - 9 potions of haste
 z - 2 potions of might
 B - 2 potions of cancellation
 E - 4 potions of flight
 L - 2 potions of brilliance
 W - 3 potions of magic
 Z - a potion of resistance
Miscellaneous
 v - a phial of floods
 A - a box of beasts


   Skills:
 * Level 9.4 Fighting
 - Level 9.0 Short Blades
 - Level 9.0 Dodging
 + Level 17.7 Stealth
 - Level 6.0 Shields
 * Level 9.4 Spellcasting
 - Level 20.0 Hexes
 - Level 15.0 Necromancy
 - Level 6.0 Translocations
 - Level 6.0 Ice Magic
 - Level 6.0 Evocations


You had 10 spell levels left.
You knew the following spells:

 Your Spells              Type           Power      Damage    Failure   Level
a - Corona                Hex            100%       N/A       0%          1
b - Tukima's Dance        Hex            90%        N/A       0%          3
c - Corpse Rot            Necr/Air       N/A        N/A       1%          2
d - Vampiric Draining     Necr           38%        2d11      1%          3
e - Ensorcelled Hibernat  Hex/Ice        100%       N/A       1%          2
k - Blink                 Tloc           N/A        N/A       1%          2
q - Slow                  Hex            90%        N/A       0%          2
v - Invisibility          Hex            45%        N/A       1%          6
z - Confusing Touch       Hex            90%        N/A       0%          3

Your spell library contained the following spells:

 Spells                   Type           Power      Damage    Failure   Level
 Animate Skeleton         Necr           100%       N/A       0%          1
 Pain                     Necr           100%       1d9       0%          1
 Sublimation of Blood     Necr           38%        N/A       0%          2
 Freeze                   Ice            100%       1d11      1%          1
 Dazzling Flash           Conj/Hex       100%       N/A       1%          3
 Frozen Ramparts          Ice            92%        1d11      1%          3
 Gell's Gravitas          Tloc           23%        N/A       1%          3
 Inner Flame              Hex/Fire       62%        N/A       1%          3
 Lesser Beckoning         Tloc           23%        N/A       1%          3
 Portal Projectile        Hex/Tloc       100%       N/A       1%          3
 Summon Guardian Golem    Hex/Summ       62%        N/A       1%          3
 Teleport Other           Tloc           46%        N/A       1%          3
 Dispel Undead            Necr           77%        3d25      1%          4
 Leda's Liquefaction      Hex/Erth       31%        N/A       1%          4
 Agony                    Necr           77%        N/A       1%          5
 Excruciating Wounds      Necr           38%        N/A       1%          5
 Yara's Violent Unravell  Hex/Tmut       31%        3d13      1%          5
 Death Channel            Necr           38%        N/A       1%          6
 Passage of Golubria      Tloc           N/A        N/A       3%          4
 Beastly Appendage        Tmut           26%        N/A       4%          1
 Foxfire                  Conj/Fire      52%        2x1d6     4%          1
 Sandblast                Erth           26%        2d8       4%          1
 Shock                    Conj/Air       52%        1d6       4%          1
 Borgnjor's Vile Clutch   Necr/Erth      26%        N/A       5%          5
 Passwall                 Tmut/Erth      10%        N/A       6%          2
 Wereblood                Tmut           13%        N/A       6%          2
 Simulacrum               Ice/Necr       32%        N/A       9%          6
 Manifold Assault         Tloc           46%        N/A       10%         5
 Hailstorm                Conj/Ice       30%        3d8       12%         4
 Call Canine Familiar     Summ           13%        N/A       13%         3
 Conjure Flame            Conj/Fire      13%        6-21      13%         3
 Spider Form              Tmut/Pois      6%         N/A       13%         3
 Stone Arrow              Conj/Erth      26%        3d8       13%         3
 Swiftness                Air            13%        N/A       13%         3
 Airstrike                Air            6%         N/A       38%         4
 Animate Armour           Summ/Erth      26%        N/A       38%         4
 Dispersal                Tloc           23%        N/A       50%         6
 Blade Hands              Tmut           6%         N/A       75%         5
 Bolt of Magma            Conj/Fire/Erth 6%         4d6       75%         5
 Fireball                 Conj/Fire      6%         3d5       75%         5
 Lightning Bolt           Conj/Air       6%         1d18      75%         5
 Starburst                Conj/Fire      6%         6d4       100%        6
 Orb of Destruction       Conj           6%         9d3       100%        7
 Spellforged Servitor     Conj/Summ      6%         N/A       100%        7
 Storm Form               Tmut/Air       6%         N/A       100%        7
 Ignition                 Fire           6%         3d4       100%        8
 Lehudib's Crystal Spear  Conj/Erth      6%         10d3      100%        8
 Polar Vortex             Ice            23%        N/A       100%        9


Dungeon Overview and Level Annotations

Branches:
Dungeon (14/15)            Temple (1/1) D:6            Lair (6/6) D:9
 Shoals (4/4) Lair:4        Snake (4/4) Lair:4        Slime (0/5) Lair:6
    Orc (2/2) D:10            Elf (0/3) Orc:2        Vaults (0/5) D:14
  Sewer (visited)         Ossuary (visited)          Bailey (visited)
  IceCv (visited)         Gauntlet (visited)

Altars:
Ashenzari
Cheibriados
Dithmenos
Elyvilon
Fedhas
Gozag
Hepliaklqana
Kikubaaqudgha
Makhleb
Nemelex Xobeh
Okawaru
Qazlal
Ru
Sif Muna
Trog
Uskayaw
Vehumet
Wu Jian
Xom
Yredelemnul
Zin
The Shining One
Beogh
Jiyva

Shops:
D:11 [   Orc:2 ((*:[   Shoals:1 [[=*   Snake:2 [[:

Portals:
Abyss: Orc:1
Trove: D:13 (give +6 demon blade)

Annotations:
D:8 Erica
D:11 Fannar
Shoals:4 exclusion: door, Roxanne
Snake:4 exclusions: naga ritualist and 1 more exclusion
Orc:1 2 transporters, Dootley's ghost, journeyman FoFi
Orc:2 1 runed translucent door, safid's ghost, journeyman HOFi


Innate Abilities, Weirdness & Mutations

You do not regenerate when monsters are visible.
You are frail without blood (-20% HP).
You can heal yourself when you bite living creatures.
You are immune to poison.
You have razor-sharp teeth.
You have supernaturally acute eyesight. (SInv)
You are afflicted with vampirism and can become a bat while bloodless.


Message History

You draw life force from the merfolk aquamancer!!
You feel life coursing into your body!
The wind drake hisses angrily.
The merfolk aquamancer hits you with a +3 rapier of distortion!
Casting: Vampiric Draining (safe; 1% risk of failure)
Confirm with . or Enter, or press ? or * to list all spells.
Aiming: Tukima's Dance (safe; 0% risk of failure)
Press: ? - help, Shift-Dir - straight line, f/p - merfolk aquamancer
Aim: a merfolk aquamancer, wielding a +3 rapier of distortion and wearing a +0 robe (moderately wounded, chance to affect: 50%)
The +3 rapier of distortion dances into the air!
The manticore flicks its tail.
The volley of spikes hits your +3 rapier of distortion.
The merfolk aquamancer completely misses you.
The manticore flicks its tail.
The volley of spikes hits your +3 rapier of distortion!!
Your +3 rapier of distortion falls from the air.
You hear a splash.
The merfolk aquamancer gestures at you while chanting.
The torrent of water hits you!!
* * * LOW HITPOINT WARNING * * *
You are knocked back by the torrent of water.
You slam into the rock wall!
* * * LOW HITPOINT WARNING * * *
The wave splashes down.
Splash!
You fall into the shallow water.
Moving in this stuff is going to be slow. ...and don't expect to remain undetected.
You hear an angry hiss.
You hear a shout! x3; You hear an angry hiss.
You hear a shout! x2; You hear a screech!
You feel better.
The merfolk aquamancer casts a spell at you.
The shard of ice misses you.
Blink to where?
Press: ? - help, Dir - move target, p - merfolk aquamancer
As you read the scroll of blinking, it crumbles to dust.
The merfolk aquamancer gestures at you while chanting.
The torrent of water hits you!
You die...
Kikubaaqudgha rasps: "You have failed me!
Welcome... oblivion!"

≈≈≈≈≈≈≈≈≈≈≈≈≈≈≈≈≈≈≈
≈≈≈≈≈≈k≈≈≈≈≈≈≈≈≈≈≈≈≈
≈≈≈≈≈≈≈≈≈≈≈≈≈≈≈≈≈≈≈≈
≈≈≈≈≈≈≈≈≈≈≈≈≈≈≈H≈≈≈≈≈≈
≈≈≈≈≈≈≈≈≈≈≈≈≈≈≈≈≈≈≈≈≈≈ .?≈≈
≈≈≈≈≈≈≈≈≈≈≈≈≈≈≈≈≈≈≈S≈≈≈ .....
≈≈≈≈≈≈≈≈...m)≈≈≈≈≈≈≈≈≈≈≈≈≈...
≈≈≈≈...≈..##§.≈≈≈≈≈≈≈≈≈≈≈≈≈...
≈≈≈≈≈.....####.≈≈≈≈≈≈≈≈.≈≈≈...(
≈≈≈≈≈≈..##..# #..[.≈≈≈≈..≈≈≈...(
≈≈≈≈≈≈..#...## #@.).≈≈≈...≈......
≈≈≈≈≈≈≈≈m≈≈≈.# ###).≈≈....≈H..H..
≈≈≈≈≈≈P≈≈≈≈..#####).≈≈...........
≈≈≈≈≈≈≈≈≈P≈.........E............
≈≈≈≈≈P≈≈≈≈.......................
≈≈≈PP...P....m...................
≈≈≈≈.P....[P............##+##≈≈≈≈
≈≈≈.#.P)P..............## ##≈≈≈
≈≈.##..P†...P..........# #...
≈≈≈.#....t.P...(.......# #...
≈≈≈≈...(...≈≈≈P....≈...# #...


You could see a sea snake (wandering), a merfolk aquamancer, a manticore and a
water elemental (wandering).

Vanquished Creatures
  Donald (Shoals:2)
  Aizul (Snake:1)
  A reaper (IceCv)
  A minotaur (Gauntlet)
  An entropy weaver (Gauntlet)
  A dire elephant (Gauntlet)
  Snorg (Lair:3)
  A merfolk impaler (Shoals:1)
  A salamander tyrant (Snake:3)
  The ghost of Elopep the Cleaver, a journeyman MiMo of Makhleb (Lair:2)
  Harold (D:11)
  2 merfolk avatars
  2 boulder beetles
  6 naga warriors
  11 hydras
  15 anacondas
  Erolcha (D:11)
  An alligator snapping turtle (Shoals:3)
  A centaur warrior (D:14)
  A satyr (Shoals:3)
  2 dancing weapons (D:14)
  A two-headed ogre (D:13)
  9 death yaks
  7 naga sharpshooters
  An orc high priest (Orc:1)
  5 shock serpents
  A fire crab (Lair:6)
  3 salamander mystics
  13 sea snakes
  A goliath frog (Lair:6)
  4 naga ritualists
  18 harpies
  A necromancer (Lair:5)
  8 mana vipers
  3 ugly things
  A wolf spider (Gauntlet)
  An orb spider (shapeshifter) (D:14)
  8 orc sorcerers
  4 manticores
  12 elephants
  6 merfolk sirens
  An oklob plant (Lair:3)
  10 salamanders
  10 naga magi
  29 black mambas
  2 ice statues (IceCv)
  2 water nymphs (Shoals:2)
  21 cane toads
  2 unseen horrors (D:12)
  2 gargoyles
  A guardian serpent (shapeshifter) (D:10)
  2 guardian serpents
  A freezing wraith (D:14)
  Maggie (Lair:2)
  7 ice devils (IceCv)
  3 entropy weaver simulacra (IceCv)
  10 komodo dragons
  An anaconda simulacrum (IceCv)
  A tengu conjurer (D:13)
  7 trolls
  2 jumping spiders (Gauntlet)
  9 wind drakes
  A polar bear (Lair:2)
  A hornet (D:10)
  10 merfolk
  10 slime creatures
  2 tyrant leeches (Lair:6)
  7 snapping turtles
  24 blink frogs
  Prince Ribbit (D:6)
  13 dream sheep
  A vampire (D:7)
  3 shadows (D:10)
  A water elemental (Shoals:2)
  5 wyverns
  A dire elephant simulacrum (IceCv)
  2 wraiths (D:13)
  47 yaks
  A hog (shapeshifter) (D:14)
  5 basilisks
  3 steam dragons
  A death yak simulacrum (IceCv)
  12 vampire mosquitoes
  10 wargs
  5 harpy simulacra (IceCv)
  2 acid dragons
  32 nagas
  13 water moccasins
  15 orc warriors
  2 black bears
  A sky beast (D:8)
  14 wolves
  An ogre (D:5)
  5 centaurs
  A phantom (D:7)
  4 kobold brigands
  17 bullfrogs
  3 scorpions
  A cane toad simulacrum (Lair:4)
  A wyvern skeleton (D:7)
  A water moccasin zombie (D:5)
  4 water moccasin skeletons
  20 killer bees
  A troll zombie (D:10)
  2 elephant simulacra
  5 electric eels
  7 howler monkeys
  3 centaur zombies
  9 hounds
  4 jellies
  11 orc priests
  A centaur skeleton (D:6)
  A gnoll shaman (D:8)
  2 iguanas
  A yak simulacrum (Lair:5)
  37 orc wizards
  A spriggan simulacrum (IceCv)
  A killer bee zombie (D:9)
  A troll simulacrum (IceCv)
  4 polar bear simulacra
  5 ogre zombies (D:10)
  2 wolf simulacra (Lair:5)
  8 mummies (Ossuary)
  7 adders
  2 gnolls (D:8)
  3 howler monkey skeletons
  A naga simulacrum (IceCv)
  2 white imps
  2 adder skeletons (D:4)
  7 worms
  A dart slug (D:4)
  77 orcs
  7 ball pythons
  6 bats
  4 endoplasms
  3 giant cockroaches
  A gnoll zombie (Ossuary)
  8 goblins
  7 hobgoblins
  2 jackals (D:4)
  2 quokkas (D:3)
  A frilled lizard (D:2)
  A goblin skeleton (D:10)
  4 goblin zombies (D:10)
  4 hobgoblin zombies (D:10)
  24 kobolds
  3 kobold zombies (Ossuary)
  14 orc zombies
  6 rats
892 creatures vanquished.

Vanquished Creatures (collateral kills)
  3 merfolk impalers
  A naga warrior (Snake:2)
  A death knight (D:12)
  2 two-headed ogres (D:12)
  4 naga sharpshooters
  5 orc knights
  3 salamanders
  2 merfolk sirens
  3 merfolk
  A troll (Orc:2)
  A water elemental (Shoals:4)
  5 nagas
  7 orc warriors
  A sky beast (D:7)
  7 ogres
  2 centaurs
  2 orc priests (Orc:2)
  2 orc wizards
  7 gnolls
  17 orcs
76 creatures vanquished.

Vanquished Creatures (others)
  10 dancing weapons
  An orc (Orc:1)
  2 bushes (Lair:6)
  32 fungi
  186 plants
  2 withered plants (Orc:2)
233 creatures vanquished.

Grand Total: 1201 creatures vanquished

Notes
Turn   | Place    | Note
-------+----------+-------------------------------------------
     0 | D:1      | grimtooth the Vampire Enchanter began the quest for the
                  | Orb.
     0 | D:1      | Reached XP level 1. HP: 13/13 MP: 3/3
    21 | D:1      | Found a faded altar of an unknown god.
   238 | D:1      | Reached skill level 5 in Hexes
   238 | D:1      | Reached XP level 2. HP: 14/19 MP: 3/5
   242 | D:1      | Learned a level 2 spell: Ensorcelled Hibernation
  1742 | D:2      | Gained mutation: You are afflicted with vampirism and can
                  | become a bat while bloodless. [Vampire growth]
  1742 | D:2      | Reached XP level 3. HP: 24/24 MP: 3/6
  2187 | D:3      | Reached skill level 6 in Hexes
  2652 | D:3      | Reached XP level 4. HP: 30/30 MP: 4/7
  2722 | D:3      | Reached skill level 7 in Hexes
  2977 | D:4      | Noticed a scorpion
  2985 | D:4      | Killed a scorpion
  2986 | D:4      | Reached XP level 5. HP: 28/35 MP: 0/8
  3024 | D:4      | Found a broken altar of Ashenzari.
  3239 | D:4      | Reached skill level 8 in Hexes
  3374 | D:4      | Found a glowing drain.
  3397 | Sewer    | Entered a sewer
  3607 | Sewer    | Reached XP level 6. HP: 41/41 MP: 7/9
  3684 | Sewer    | Learned a level 3 spell: Confusing Touch
  3688 | Sewer    | Learned a level 3 spell: Tukima's Dance
  4146 | D:4      | Reached skill level 9 in Hexes
  4817 | D:5      | Entered Level 5 of the Dungeon
  4928 | D:5      | Reached XP level 7. HP: 43/46 MP: 6/10
  4959 | D:5      | Reached skill level 10 in Hexes
  5116 | D:5      | Found a sand-covered staircase.
  5125 | Ossuary  | Entered an ossuary
  5274 | Ossuary  | Reached skill level 5 in Short Blades
  5667 | D:5      | Found a stormy altar of Qazlal.
  6235 | D:5      | Reached skill level 11 in Hexes
  6463 | D:5      | Reached XP level 8. HP: 39/52 MP: 8/11
  6951 | D:6      | Reached skill level 12 in Hexes
  7025 | D:6      | Reached skill level 1 in Ice Magic
  7467 | D:6      | Found a staircase to the Ecumenical Temple.
  7488 | Temple   | Entered the Ecumenical Temple
  7665 | Temple   | Became a worshipper of Kikubaaqudgha
  7967 | D:7      | Noticed Prince Ribbit
  7983 | D:6      | Killed Prince Ribbit
  7984 | D:6      | Reached skill level 5 in Stealth
  8136 | D:7      | Reached XP level 9. HP: 38/57 MP: 7/13
  8326 | D:7      | Found a shimmering blue altar of Sif Muna.
  8335 | D:7      | Found a basalt altar of Yredelemnul.
  8374 | D:7      | Reached skill level 10 in Stealth
  8730 | D:7      | Found an opulent altar of Gozag.
  9065 | D:7      | Reached skill level 1 in Fighting
  9066 | D:7      | Reached * piety under Kikubaaqudgha
  9066 | D:7      | Received a gift from Kikubaaqudgha
  9442 | D:8      | Reached skill level 5 in Dodging
  9476 | D:8      | Noticed a troll
  9597 | D:8      | Killed a troll
  9598 | D:8      | Reached XP level 10. HP: 71/71 MP: 14/14
  9725 | D:8      | Noticed a cyan ugly thing
  9768 | D:8      | Killed a cyan ugly thing
 10167 | D:8      | Reached skill level 5 in Fighting
 10449 | D:8      | Noticed Erica
 10787 | D:9      | Reached ** piety under Kikubaaqudgha
 10800 | D:9      | Reached skill level 13 in Hexes
 10969 | D:9      | Found a staircase to the Lair.
 11701 | D:9      | Reached skill level 14 in Hexes
 12022 | D:10     | Entered Level 10 of the Dungeon
 12141 | D:10     | Noticed a rakshasa
 12162 | D:10     | Paralysed by a hornet for 3 turns
 12182 | D:10     | Reached skill level 1 in Shields
 12182 | D:10     | Reached skill level 1 in Necromancy
 12229 | D:10     | Reached XP level 11. HP: 81/81 MP: 3/15
 12311 | D:10     | Reached XP level 12. HP: 88/88 MP: 16/16
 12327 | D:10     | Learned a level 2 spell: Corpse Rot
 12430 | D:10     | Found a burning altar of Makhleb.
 12496 | D:10     | Noticed a green death
 12565 | D:10     | Noticed an eight-headed hydra
 12592 | D:10     | Found a staircase to the Orcish Mines.
 12811 | D:10     | Reached *** piety under Kikubaaqudgha
 12811 | D:10     | Received a gift from Kikubaaqudgha
 12922 | D:11     | Noticed Erolcha
 12957 | D:11     | Found Taracw's Armour Shop.
 12960 | D:11     | Bought a +2 helmet of intelligence for 322 gold pieces
 12996 | D:11     | Reached skill level 15 in Hexes
 13037 | D:11     | Reached skill level 5 in Shields
 13285 | D:10     | Killed an eight-headed hydra
 13539 | D:11     | Killed Erolcha
 13622 | D:11     | Noticed Harold
 13670 | D:11     | Noticed Fannar
 13674 | D:11     | Killed Harold
 14333 | D:12     | Noticed a two-headed ogre
 14336 | D:12     | Killed a two-headed ogre
 14430 | D:12     | Noticed a two-headed ogre
 14667 | D:12     | Killed a two-headed ogre
 14682 | D:12     | Noticed a death knight
 14689 | D:12     | Killed a death knight
 15062 | Lair:1   | Entered Level 1 of the Lair of Beasts
 15104 | Lair:1   | Noticed a five-headed hydra
 15864 | Lair:1   | Noticed a seven-headed hydra
 15867 | Lair:1   | Reached **** piety under Kikubaaqudgha
 16013 | Lair:1   | Killed a five-headed hydra
 16017 | Lair:1   | Learned a level 2 spell: Blink
 16142 | Lair:1   | Learned a level 3 spell: Vampiric Draining
 16194 | Lair:2   | Noticed Maggie
 16197 | Lair:2   | Killed Maggie
 16198 | Lair:2   | Reached XP level 13. HP: 80/80 MP: 17/17
 16320 | Lair:2   | Reached skill level 1 in Translocations
 16677 | Lair:2   | Found a runed translucent gate.
 16677 | Lair:2   | Found a runed translucent gate.
 16677 | Lair:2   | Found a runed translucent gate.
 16677 | Lair:2   | Noticed Elopep's ghost (journeyman MiMo)
 16803 | Lair:2   | Reached skill level 10 in Necromancy
 17772 | Lair:3   | Found the +2 robe of Vines {NoPotionHeal Regen+++}
 17881 | Lair:3   | Reached skill level 15 in Stealth
 17971 | Lair:3   | Noticed Snorg
 18607 | Lair:4   | Found a staircase to the Shoals.
 18917 | Lair:4   | Found a staircase to the Snake Pit.
 18997 | Lair:4   | Found a frozen archway.
 19080 | IceCv    | Entered an ice cave
 19757 | IceCv    | Reached ***** piety under Kikubaaqudgha
 20219 | IceCv    | Reached skill level 5 in Translocations
 20252 | IceCv    | Noticed a reaper
 20256 | IceCv    | Killed a reaper
 20913 | Lair:4   | Reached XP level 14. HP: 86/86 MP: 18/20
 21056 | Lair:5   | Reached skill level 1 in Evocations
 21814 | Lair:5   | Found a stormy altar of Qazlal.
 22002 | Lair:6   | Entered Level 6 of the Lair of Beasts
 22976 | Lair:6   | Reached skill level 5 in Ice Magic
 23388 | Lair:6   | Reached skill level 5 in Evocations
 23481 | Lair:6   | Reached skill level 16 in Hexes
 23639 | Lair:6   | Found a runed translucent door.
 23641 | Lair:6   | Found a viscous altar of Jiyva.
 23644 | Lair:6   | Found a staircase to the Slime Pits.
 24576 | Lair:6   | Reached skill level 17 in Hexes
 24799 | Lair:6   | Reached ****** piety under Kikubaaqudgha
 25131 | Lair:6   | Identified 2 scrolls of acquirement
 25132 | Lair:6   | Identified the +9 trident "Qunaaqyo" {holy, *Rage MP+9
                  | Dex+7}
 25152 | Lair:6   | Got Kutiom's Grimoire of Shifting Lightness
 25602 | Lair:3   | Killed Snorg
 25603 | Lair:3   | Reached skill level 18 in Hexes
 25603 | Lair:3   | Reached XP level 15. HP: 90/90 MP: 19/21
 25903 | Lair:2   | Killed Elopep's ghost
 26589 | Orc:1    | Entered Level 1 of the Orcish Mines
 26730 | Orc:1    | Noticed a tentacled starspawn
 26825 | Orc:1    | Found a flagged portal.
 26895 | Bailey   | Entered a bailey
 27216 | Bailey   | Identified the amulet "Quiman" {Reflect Str+7 Int+3 SH+5}
 27439 | Orc:1    | Reached skill level 5 in Spellcasting
 27494 | Orc:1    | Identified the ring "Jasex" {rF++ rN+++ Int-4 Dex-2 SInv}
 27551 | Orc:1    | Found a one-way gate to the infinite horrors of the Abyss.
 27551 | Orc:1    | Noticed Dootley's ghost (journeyman FoFi)
 27559 | Orc:1    | Found a transporter.
 27563 | Orc:1    | Found a transporter.
 27821 | Orc:2    | Entered Level 2 of the Orcish Mines
 28167 | Orc:2    | Found a staircase to the Elven Halls.
 28431 | Orc:2    | Found Uddikyaliw's Antique Weapon Shoppe.
 28877 | Orc:2    | Found Gumuor's Antique Armour Boutique.
 28877 | Orc:2    | Found Piewud's Book Shoppe.
 28972 | Orc:2    | Found Coonul's General Store.
 28972 | Orc:2    | Found Ceclirem's Weapon Shoppe.
 28987 | Orc:2    | Bought a scroll of fog for 22 gold pieces
 28987 | Orc:2    | Bought a scroll of enchant armour for 82 gold pieces
 29112 | Orc:2    | Found a runed translucent door.
 29112 | Orc:2    | Noticed safid's ghost (journeyman HOFi)
 29279 | Orc:2    | Bought a bloodstained leather armour for 196 gold pieces
 29279 | Orc:2    | Identified the +1 leather armour "Hiasesor" {rPois Int+3}
                  | (You bought it in a shop on level 2 of the Orcish Mines)
 30068 | D:13     | Identified the +8 chain mail of the Pure Saving Towns {rC+
                  | Str+2}
 30110 | D:13     | Found a portal to a secret trove of treasure.
 30184 | D:13     | Identified the +6 falchion "Corghax" {vorpal, Str+6}
 30356 | D:14     | Found a gate leading to a gauntlet.
 30374 | Gauntlet | Entered a Gauntlet
 30374 | Gauntlet | Found a transporter.
 30383 | Gauntlet | Found a transporter.
 30385 | Gauntlet | Found a transporter.
 30389 | Gauntlet | Found a transporter.
 30390 | Gauntlet | Found a transporter.
 30392 | Gauntlet | Found a transporter.
 30401 | Gauntlet | Found a transporter.
 30402 | Gauntlet | Found a transporter.
 30490 | Gauntlet | Found a transporter.
 30507 | Gauntlet | Found a transporter.
 30511 | Gauntlet | Found a transporter.
 30513 | Gauntlet | Found a runed translucent gate.
 30513 | Gauntlet | Found a runed translucent gate.
 30513 | Gauntlet | Found a runed translucent gate.
 30519 | Gauntlet | Found a transporter.
 30618 | Gauntlet | Identified the ring "Nyffin" {rPois rC+}
 30727 | Gauntlet | Identified the +9 lajatang of the Spinneret {flame, Str+4
                  | Int+3}
 31012 | D:14     | Found a gate to the Vaults.
 32031 | D:9      | Acquired the ring of the Invisible Knives {AC+4 Str+2 Dex+7
                  | SInv}
 32032 | D:9      | Acquired 974 gold pieces
 32121 | Orc:2    | Bought a book of Debilitation for 308 gold pieces
 32121 | Orc:2    | Bought the Handbook of Love and Death for 672 gold pieces
 32124 | Orc:2    | Learned a level 2 spell: Slow
 32323 | Snake:1  | Entered Level 1 of the Snake Pit
 32330 | Snake:1  | Noticed Aizul
 32779 | Snake:1  | You fall into a shaft and drop 1 floor!
 33268 | Snake:1  | Killed Aizul
 33715 | Snake:1  | Reached XP level 16. HP: 96/96 MP: 19/25
 34319 | Snake:2  | Found Doxkemoj's Book Shoppe.
 34321 | Snake:2  | Found Xeyne's Antique Armour Emporium.
 34323 | Snake:2  | Found Minnit's Antique Armour Shoppe.
 34745 | Snake:2  | Reached skill level 19 in Hexes
 36706 | Snake:3  | Reached skill level 20 in Hexes
 38236 | Snake:4  | Entered Level 4 of the Snake Pit
 39920 | Orc:2    | Bought a scroll of blinking for 82 gold pieces
 40079 | Shoals:1 | Entered Level 1 of the Shoals
 40228 | Shoals:1 | Found Edom Jiu's Jewellery Shoppe.
 40258 | Shoals:1 | Reached XP level 17. HP: 94/100 MP: 25/29
 40486 | Shoals:1 | Found Loffemof's Antique Armour Emporium.
 40738 | Shoals:1 | Found Ruwn's Antique Armour Boutique.
 40963 | Shoals:1 | Found Gafiruc's Assorted Antiques.
 40976 | Shoals:1 | Bought a scroll labelled EZIMIBE VIZO for 28 gold pieces
 40976 | Shoals:1 | Bought a scroll labelled EMYCUUM YFRIE for 28 gold pieces
 41386 | Shoals:2 | Noticed Donald
 41933 | Shoals:2 | Killed Donald
 42335 | Shoals:3 | Reached skill level 15 in Necromancy
 42729 | Shoals:4 | Entered Level 4 of the Shoals
 43509 | Snake:2  | Bought a book of Burglary for 392 gold pieces
 43516 | Snake:2  | Learned a level 6 spell: Invisibility
 43801 | Shoals:4 | Identified Roxanne's Tome of Changing
 43801 | Shoals:4 | Noticed Roxanne
 43921 | Shoals:4 | Killed from afar by a merfolk aquamancer

Illustrated notes

Levels and vault maps discovered:
D:1:      tarquinn_simple_flora_water_f, layout_basic,
          chequers_ecumenical_altar_simple, lemuel_flame_loot_1
D:2:      layout_loops_ring
D:3:      layout_basic, minmay_increasing_density
D:4:      layout_layer_cave, mainiacjoe_overflow_concentric_impassable,
          serial_rivers, chequers_serial_rivers_large_a,
          chequers_serial_rivers_room_a, chequers_serial_rivers_marsh,
          chequers_serial_rivers_micro_a, chequers_serial_rivers_micro_a,
          chequers_serial_rivers_micro_a, cheibrodos_sewer_entry_drain
D:5:      layout_cave_pods, pf_just_have_faith, nicolae_ossuary_entry_monument
D:6:      layout_basic, minmay_temple_entry_fiery, hex_large
D:7:      cheibrodos_barr_body, layout_cave_pools, grunt_gozag_breadcrumbs,
          grunt_temple_overflow_open, minmay_crystal_water, minmay_circle_x,
          uniq_prince_ribbit1
D:8:      layout_loops_ring, uniq_erica
D:9:      layout_basic, erik_lair_island, serial_corexii_hall,
          corexii_hall_statues_s, corexii_hall_statues_i
D:10:     layout_cross, makhleb_altar_promises_db, zombieorc1_lemuel
D:11:     layout_long_grid, serial_shops, nicolae_stop_n_shop_2,
          grunt_ministairs_9, hangedman_decor_riveting, uniq_erolcha,
          uniq_fannar, uniq_harold
D:12:     layout_loops_ring
D:13:     layout_basic, enter_trove_6
D:14:     layout_rooms, erik_vaults_1, gauntlet_entry_generic
Temple:   eino_temple_scatter_basement
Lair:1:   layout_gridlike
Lair:2:   layout_regular_city, gammafunk_ghost_split, uniq_maggie
Lair:3:   layout_chaotic_city, hellmonk_guarded_unrand_vines, uniq_snorg
Lair:4:   layout_long_grid, minmay_shoals_entry_beasts,
          guppyfry_snake_entry_island, portal_ice_cave_entry_ice_simulacra,
          serial_bayou_pond_c
Lair:5:   layout_small_grid, basic_altar, grunt_forest_small_clearings,
          eino_house_with_fridge
Lair:6:   minmay_lair_end_frog_pond, layout_cave_shapes, slime_altar_2,
          infiniplex_staircase_pool_2, grunt_megastairs_5
Shoals:1: layout_shoals, serial_shops, nicolae_shop_trees,
          nicolae_shop_statue_plus, nicolae_shop_waterfront, shop_fountains
Shoals:2: layout_shoals, uniq_donald
Shoals:3: layout_shoals
Shoals:4: shoals_end_simple, layout_shoals, serial_shops, shop, uniq_roxanne
Snake:1:  layout_onion, uniq_aizul
Snake:2:  layout_gridlike, minmay_shop_star
Snake:3:  minmay_snake_river, layout_chambers, lemuel_fruit_tree
Snake:4:  snake_pit, layout_chambers
Orc:1:    layout_diamond_mine, gammafunk_ghost_abyssal_escape, enter_bailey_3
Orc:2:    st_orc_town, layout_caves, serial_shops, shop, gammafunk_ghost_grave

Skill      XL: |  1  2  3  4  5  6  7  8  9 10 11 12 13 14 15 16 17 |
---------------+----------------------------------------------------+-----
Hexes          | 5 6 7 8 9 11 12 14 15 18 20 | 20.0
Short Blades   | 2 3 4 5 6 8 9 |  9.0
Ice Magic      | 3 6 |  6.0
Stealth        | 9 12 14 15 16 17 | 17.7
Spellcasting   | 3 4 6 8 9 |  9.4
Fighting       | 4 6 9 |  9.4
Dodging        | 5 6 9 |  9.0
Shields        | 1 4 6 |  6.0
Necromancy     | 1 8 9 12 14 15 | 15.0
Translocations | 6 |  6.0
Evocations     | 6 |  6.0

Action                   |  1- 3 |  4- 6 |  7- 9 | 10-12 | 13-15 | 16-18 || total
-------------------------+-------+-------+-------+-------+-------+-------++-------
Melee: Dagger            |    93 |   126 |   196 |   249 |   638 |   454 ||  1756
       Bite              |     9 |    10 |    55 |    49 |   193 |    90 ||   406
       Short sword       |       |    25 |   151 |   203 |   695 |    10 ||  1084
Throw: Dart              |    27 |    10 |    13 |    18 |    46 |     2 ||   116
 Cast: Corona            |    19 |    17 |    29 |    16 |    21 |       ||   102
       Ensorcelled Hiber |    12 |    22 |    45 |    77 |   308 |   184 ||   648
       Confusing Touch   |       |     2 |    25 |    28 |    89 |    41 ||   185
       Tukima's Dance    |       |       |     7 |    13 |    29 |    47 ||    96
       Corpse Rot        |       |       |       |     1 |     3 |     1 ||     5
       Vampiric Draining |       |       |       |       |    28 |     2 ||    30
       Blink             |       |       |       |       |    23 |    14 ||    37
       Slow              |       |       |       |       |     3 |    22 ||    25
       Invisibility      |       |       |       |       |       |     2 ||     2
Invok: Receive Corpses   |       |       |       |     1 |     3 |     1 ||     5
       Torment           |       |       |       |       |       |     1 ||     1
 Abil: Exsanguinate      |       |       |       |     1 |       |       ||     1
       End Transformatio |       |       |       |       |     1 |     1 ||     2
       Bat Form          |       |       |       |       |     1 |     1 ||     2
Evoke: Wand              |       |       |       |     8 |    26 |     9 ||    43
  Use: Scroll            |       |       |    12 |     4 |    15 |    13 ||    44
       Potion            |       |       |       |     3 |    11 |     4 ||    18
 Stab: Sleeping          |    13 |    17 |    35 |    67 |   232 |   134 ||   498
       Confused          |       |     2 |    25 |    30 |   101 |    42 ||   200
       Invisible         |       |       |       |       |    11 |     6 ||    17
       Distracted        |       |       |       |       |     5 |     2 ||     7
Armor: Robe              |    19 |    22 |    54 |    82 |   204 |    76 ||   457
Dodge: Dodged            |    47 |    77 |   187 |   259 |   540 |   205 ||  1315
Block: Buckler           |       |       |       |    64 |   414 |   191 ||   669
       Reflection        |       |       |       |       |     5 |    28 ||    33
